 Dungeon Crawl Stone Soup version 0.20.2-3-g29329e0561 (webtiles) character file.

6962 Alfie the Carver (level 10, -2/108 HPs)
             Began as a Minotaur Fighter on Dec 8, 2020.
             Slain by Urug
             ... wielding a +0 battleaxe of chopping
              (17 damage)
             ... on level 9 of the Dungeon.
             The game lasted 00:20:38 (6181 turns).

Alfie the Carver (Minotaur Fighter)                 Turns: 6181, Time: 00:20:39

Health: -2/108     AC: 13    Str: 25    XL:     10   Next: 81%
Magic:  9/9        EV: 11    Int:  5    God:
Gold:   497        SH: 13    Dex:  9    Spells: 7/9 levels left

rFire    . . .     SeeInvis .   a - +2 long sword
rCold    . . .     Gourm    .   c - +1 shield
rNeg     . . .     Faith    .   b - +1 scale mail
rPois    .         Spirit   .   (helmet restricted)
rElec    .         Reflect  .   (no cloak)
rCorr    .         Harm     .   e - +1 pair of gloves
MR       .....                  s - +0 pair of boots
Stlth    ..........             q - amulet of regeneration
Regen    0.7/turn               (no ring)
MPRegen  0.2/turn               (no ring)

@: no status effects
A: retaliatory headbutt, horns 2, robust 2, MP-powered wands
a: no special abilities


You were on level 9 of the Dungeon.
You were not hungry.

You visited 2 branches of the dungeon, and saw 10 of its levels.

You collected 497 gold pieces.

Inventory:

Hand Weapons
 a - a +2 long sword (weapon)
Missiles
 d - 4 tomahawks (quivered)
Armour
 b - a +1 scale mail (worn)
 c - a +1 shield (worn)
 e - a +1 pair of gloves (worn)
 s - a +0 pair of boots (worn)
Jewellery
 q - an amulet of regeneration (around neck)
 t - an uncursed ring of fire
 y - a +2 ring of evasion {unknown}
Wands
 g - a wand of flame (27/48)
 k - a wand of digging (16/24)
 n - a wand of polymorph (14/24)
Scrolls
 r - 2 scrolls of remove curse
 u - a scroll of teleportation
 D - a scroll of torment {unknown}
 E - a scroll of enchant armour
 F - a scroll of summoning {unknown}
 G - a scroll of identify
Potions
 h - a potion of flight {unknown}
 j - a potion of lignification {unknown}
 l - a potion of mutation
 m - a potion of invisibility
 o - a potion of magic {unknown}
 w - a potion of agility {unknown}
 x - a potion of brilliance {unknown}
 z - a potion of cancellation {unknown}
 A - a potion of resistance {unknown}
 B - a potion of might
Comestibles
 f - 5 bread rations
 p - 3 meat rations
 v - 3 royal jellies


   Skills:
 + Level 8.4 Fighting
 + Level 11.7 Long Blades
 + Level 1.3 Throwing
 + Level 8.8 Armour
 + Level 5.4 Dodging
 + Level 1.0 Stealth
 + Level 10.3 Shields
 + Level 0.1 Spellcasting
 + Level 0.1 Hexes


You had 7 spell levels left.
You knew the following spells:

 Your Spells              Type           Power        Failure   Level  Hunger
a - Corona                Hex            #......      89%         1    ##.....
b - Beastly Appendage     Tmut           #.....       90%         1    ##.....


Dungeon Overview and Level Annotations

Branches:
Dungeon (9/15)             Temple (0/1) D:7             Orc (1/2) D:9
   Lair: D:8-11

Altars:
Cheibriados
Dithmenos
Elyvilon
Gozag
Kikubaaqudgha
Makhleb
Qazlal
Ru
Sif Muna
Trog
Uskayaw
Vehumet

Annotations:
D:9 Urug


Innate Abilities, Weirdness & Mutations

You reflexively headbutt those who attack you in melee.
You have a pair of horns on your head.
You are very robust. (+20% HP)
You expend magic power (3 MP) to strengthen your wands.


Message History

You closely miss Urug.
Urug hits you with a battleaxe of chopping!!
You slash Urug!
Urug is moderately wounded.
The orc warlord hits you but does no damage.
You hit Urug.
Urug is moderately wounded.
Urug closely misses you.
You slash Urug! You headbutt Urug!
Urug is heavily wounded.
The orc warlord hits you with an enchanted great mace!!
Urug closely misses you.
You barely miss Urug.
Urug is heavily wounded.
The orc warlord hits you with an enchanted great mace!!
* * * LOW HITPOINT WARNING * * *
You slash Urug!
Urug is heavily wounded.
Urug hits you with a battleaxe of chopping!
You die...

#...........#.))[)......#
#...>.......######...)...
#...........# #......)
####'######## #....... .#
######.# .. #..# #.
#####.## #.#### #.......
#.#o@# #....... #..o##
#....... ##.## #.......
#$## #....... #..##
#....... ##### ##..##
#.......
....############..#
#.......
..........≈≈....#.#
#.......
...≈.....≈≈≈....#.#
########


You could see an orc warlord and Urug.

Vanquished Creatures
  Erolcha (D:9)
  The ghost of Alfie the Carver, a novice MiFi (D:9)
  The ghost of Alfie the Carver, a novice MiFi (D:8)
  Prince Ribbit (D:9)
  2 hippogriffs
  A spriggan (D:7)
  The ghost of Alfie the Shield-Bearer, an amateur MiFi (D:3)
  2 steam dragons
  A warg (D:9)
  2 sky beasts (D:6)
  5 orc warriors
  An ice beast (D:9)
  3 phantoms
  An eye of draining (D:8)
  2 black bears
  3 ogres
  2 centaurs (D:7)
  A big kobold (D:8)
  5 bullfrogs
  5 scorpions
  3 howler monkeys
  A crimson imp (D:9)
  A centaur zombie (D:9)
  A bullfrog skeleton (D:6)
  4 hounds
  8 orc priests
  A centaur skeleton (D:6)
  5 jellies
  4 iguanas
  5 worker ants
  7 orc wizards
  A hound skeleton (D:5)
  7 gnolls
  2 howler monkey skeletons
  7 adders
  2 shadow imps (D:6)
  11 oozes
  2 adder skeletons (D:4)
  4 dart slugs
  3 leopard geckos
  47 orcs
  7 giant cockroaches
  4 goblins
  6 hobgoblins
  17 jackals
  19 kobolds
  3 quokkas
  8 bats
  6 frilled lizards
  A jackal skeleton (D:4)
  A leopard gecko skeleton (D:7)
  A leopard gecko zombie (D:7)
  5 rats
245 creatures vanquished.

Vanquished Creatures (others)
  An orc warrior (D:9)
  2 orc wizards (D:9)
  3 orcs (D:9)
  2 fungi (D:3)
  A plant (D:7)
  9 toadstools (D:3)
18 creatures vanquished.

Grand Total: 263 creatures vanquished

Notes
Turn   | Place    | Note
-------+----------+-------------------------------------------
     0 | D:1      | Alfie the Minotaur Fighter began the quest for the Orb.
     0 | D:1      | Reached XP level 1. HP: 19/19 MP: 0/0
    73 | D:1      | Reached XP level 2. HP: 19/27 MP: 1/1
   437 | D:2      | Reached skill level 3 in Long Blades
   437 | D:2      | Reached XP level 3. HP: 33/33 MP: 2/2
   811 | D:2      | Reached XP level 4. HP: 34/40 MP: 3/3
   869 | D:2      | Found a sacrificial altar of Ru.
   964 | D:3      | Noticed Alfie's ghost (amateur MiFi)
   975 | D:3      | Killed Alfie's ghost
   975 | D:3      | Reached skill level 4 in Long Blades
   975 | D:3      | Reached skill level 5 in Armour
   975 | D:3      | Reached skill level 1 in Dodging
   975 | D:3      | Reached skill level 5 in Shields
   975 | D:3      | Reached XP level 5. HP: 32/47 MP: 4/4
  1048 | D:3      | Reached XP level 6. HP: 40/53 MP: 5/5
  1051 | D:3      | Learned a level 1 spell: Corona
  1056 | D:3      | Learned a level 1 spell: Beastly Appendage
  1320 | D:3      | Reached skill level 5 in Long Blades
  1430 | D:3      | Found a stormy altar of Qazlal.
  1642 | D:4      | Reached XP level 7. HP: 60/60 MP: 6/6
  1719 | D:4      | Reached skill level 6 in Long Blades
  1877 | D:4      | Reached skill level 5 in Fighting
  1965 | D:4      | Reached skill level 7 in Long Blades
  2184 | D:5      | Entered Level 5 of the Dungeon
  2184 | D:5      | Found a snail-covered altar of Cheibriados.
  2259 | D:5      | Found a deep blue altar of Sif Muna.
  2259 | D:5      | Found a bloodstained altar of Trog.
  2334 | D:5      | Found a burning altar of Makhleb.
  2541 | D:5      | Reached XP level 8. HP: 60/69 MP: 7/7
  2921 | D:6      | Reached skill level 8 in Long Blades
  2976 | D:6      | Found a radiant altar of Vehumet.
  3406 | D:6      | Reached skill level 9 in Long Blades
  3406 | D:6      | Reached skill level 1 in Stealth
  3644 | D:7      | Reached XP level 9. HP: 48/78 MP: 8/8
  3826 | D:7      | Reached skill level 1 in Throwing
  3976 | D:7      | Found a staircase to the Ecumenical Temple.
  4027 | D:7      | Found a hide-covered altar of Uskayaw.
  4102 | D:7      | Found a white marble altar of Elyvilon.
  4425 | D:8      | Reached skill level 10 in Long Blades
  4479 | D:8      | Noticed Alfie's ghost (novice MiFi)
  4510 | D:8      | Killed Alfie's ghost
  4520 | D:8      | You fall through a shaft!
  4520 | D:9      | Found a shadowy altar of Dithmenos.
  4520 | D:9      | Noticed Prince Ribbit
  4526 | D:9      | Reached XP level 10. HP: 41/86 MP: 9/9
  4565 | D:9      | Killed Prince Ribbit
  4736 | D:8      | Reached skill level 11 in Long Blades
  5225 | D:9      | Found an opulent altar of Gozag.
  5397 | D:9      | Noticed Erolcha
  5428 | D:9      | Killed Erolcha
  5428 | D:9      | Reached skill level 5 in Dodging
  5619 | D:9      | Found an ancient bone altar of Kikubaaqudgha.
  5679 | D:9      | Noticed Alfie's ghost (novice MiFi)
  5714 | D:9      | Killed Alfie's ghost
  5714 | D:9      | Reached skill level 10 in Shields
  5758 | D:9      | Found a staircase to the Orcish Mines.
  5765 | Orc:1    | Entered Level 1 of the Orcish Mines
  5798 | Orc:1    | Noticed Urug
  5828 | Orc:1    | Noticed an orc warlord
  5971 | D:9      | HP: 4/89 [something (3)]
  5972 | D:9      | Gained mutation: You expend magic power (3 MP) to strengthen your wands. [potion of mutation]
  5972 | D:9      | Gained mutation: You are robust. (+10% HP) [potion of mutation]
  5972 | D:9      | Gained mutation: You are very robust. (+20% HP) [potion of mutation]
  6181 | D:9      | Slain by Urug

Skill      XL: |  1  2  3  4  5  6  7  8  9 10 |
---------------+-------------------------------+-----
Fighting       | 4 5 6 7 8 |  8.4
Shields        | 4 5 6 7 8 10 | 10.3
Long Blades    | 3 4 5 7 9 10 11 | 11.7
Armour         | 4 5 6 8 |  8.8
Dodging        | 1 2 3 4 5 |  5.4
Stealth        | 1 |  1.0
Throwing       | 1 |  1.3
Spellcasting   | |  0.1
Hexes          | |  0.1

Action                   |  1- 3 |  4- 6 |  7- 9 | 10-12 || total
-------------------------+-------+-------+-------+-------++-------
Melee: Long sword        |    68 |   150 |   404 |   248 ||   870
       Headbutt          |    13 |    34 |    89 |    51 ||   187
Throw: Tomahawk          |       |       |     5 |     4 ||     9
  Use: Potion            |       |     2 |     1 |     4 ||     7
       Scroll            |       |     7 |     8 |     3 ||    18
  Eat: Bread ration      |       |     1 |     1 |     1 ||     3
       Fruit             |       |       |     5 |       ||     5
       Royal jelly       |       |       |     1 |       ||     1
Armor: Scale mail        |    29 |    50 |   132 |    59 ||   270
Dodge: Dodged            |    29 |    50 |    93 |    55 ||   227
Block: Shield            |    39 |    87 |   187 |   110 ||   423
       Rpst.: Long sword |     9 |    14 |    24 |    15 ||    62
